[Event "Titled Tuesday Blitz July 05 Late 2022"]
[White "Ladopoulos, Dimitrios"]
[Black "Gatterer, Florian"]
[WhiteFideId "4239580"]
[BlackFideId "811688"]
[WhiteElo "2195"]
[BlackElo "2218"]
[Result "1-0"]
[Round "02"]
[TimeControl "180+1"]
[Date "2022.07.06"]
[WhiteClock "0:00:09"]
[BlackClock "0:00:18"]

1. e4 c5 2. Nf3 Nc6 3. d4 cxd4 4. Nxd4 g6 5. c4 Bg7 6. Be3 Qb6 7. Nb3 Qd8 8. Qd2 Nf6 9. f3 d6 10. Nc3 O-O 11. Be2 Be6 12. Nd5 a5 13. Bb6 Qd7 14. Nxa5 Nxa5 15. Bxa5 Bxd5 16. cxd5 Nh5 17. Bb6 f5 18. O-O fxe4 19. fxe4 Nf4 20. Rxf4 Rxf4 21. Qxf4 Bxb2 22. Rf1 Be5 23. Qf7+ Kh8 24. Be3 Bg7 25. h3 Rxa2 26. Bg4 Qd8 27. Rc1 Ra8 28. Qe6 b5 29. Rb1 Be5 30. Bg5 Ra7 31. Be2 b4 32. Be3 Rb7 33. Bc4 b3 34. Rxb3 Rxb3 35. Bxb3 Qa5 36. Qc8+ Kg7 37. Bf2 Qd2 38. Qc2 Qf4 39. g3 Qf3 40. Bc4 Bxg3 41. Bd4+ Kh6 42. Qe2 Qa3 43. Qe3+ Qxe3+ 44. Bxe3+ Kg7 45. Kg2 Be5 46. Kf3 Kf6 47. Kg4 Bc3 48. Bg5+ Kf7 49. Bd3 h5+ 50. Kf3 Bb2 51. Bf4 Bd4 52. Bb5 Bf6 53. Bd7 Bd4 54. Be6+ Kf6 55. h4 Kg7 56. Bg5 Bf6 57. Bxf6+ exf6 58. Kf4 Kf8 59. Bd7 Kg7 60. Be8 Kh6 61. Kf3 Kg7 62. Ke3 Kh6 63. Kd4 Kg7 64. Kc4 Kh6 65. Kb5 g5 66. hxg5+ fxg5 67. e5 g4 68. exd6 g3 69. d7 g2 70. d8=Q g1=Q 71. Qf6+ Kh7 72. Qf7+ Kh6 73. Qxh5+ Kg7 74. Qg6+ Qxg6 75. Bxg6 Kxg6 76. Kc6 Kf7 77. Kc7 Kf6 78. d6 Ke5 79. d7 Ke4 80. d8=Q 1-0


[Site "https://www.chess.com"]

[Event "Titled Tuesday Blitz July 05 Late 2022"]
[White "Leiva, Gianmarco"]
[Black "Deac, Bogdan-Daniel"]
[WhiteFideId "3804399"]
[BlackFideId "1226380"]
[WhiteElo "2323"]
[BlackElo "2648"]
[Result "1-0"]
[Round "02"]
[TimeControl "180+1"]
[Date "2022.07.05"]
[WhiteClock "0:00:04"]
[BlackClock "0:00:01"]

1. e4 c6 2. Nf3 d5 3. d3 Nd7 4. Nc3 Ngf6 5. e5 d4 6. Ne2 Nxe5 7. Nexd4 Ng6 8. g3 e5 9. Nb3 e4 10. dxe4 Qxd1+ 11. Kxd1 Nxe4 12. Be3 Bg4 13. Be2 O-O-O+ 14. Ke1 Bb4+ 15. c3 Nxc3 16. bxc3 Bxc3+ 17. Nfd2 Bxe2 18. Kxe2 Bxa1 19. Rxa1 a6 20. a4 Rhe8 21. h4 Ne7 22. Nc4 Nd5 23. a5 Nxe3 24. fxe3 Kc7 25. Rf1 f6 26. Rf4 Rd5 27. Rg4 Re7 28. Nbd2 Rb5 29. Rf4 Rc5 30. Rd4 Rd7 31. Re4 Rb5 32. Re8 Rbd5 33. Ne4 Rd8 34. Re7+ R5d7 35. Re6 Kb8 36. Nc5 Rd5 37. Ne4 Rb5 38. Re7 Rb4 39. Ned6 g5 40. hxg5 fxg5 41. g4 h6 42. Rh7 Rb1 43. e4 Rg1 44. Kf3 Rf1+ 45. Ke2 Ra1 46. e5 Ra2+ 47. Ke3 Ra1 48. e6 1-0


[Site "https://www.chess.com"]

[Event "Titled Tuesday Blitz July 05 Late 2022"]
[White "Lobanov, Sergei"]
[Black "Janaszak, Dawid"]
[WhiteFideId "24183750"]
[BlackFideId "1119206"]
[WhiteElo "2524"]
[BlackElo "2199"]
[Result "1-0"]
[Round "02"]
[TimeControl "180+1"]
[Date "2022.07.05"]
[WhiteClock "0:00:06"]
[BlackClock "0:00:06"]

1. e4 c5 2. Nf3 Nc6 3. Bb5 d6 4. c3 Nf6 5. e5 dxe5 6. Nxe5 Qd5 7. Nxc6 bxc6 8. Be2 Bf5 9. O-O Be4 10. c4 Qd7 11. Nc3 Bf5 12. b3 e6 13. Ba3 Bd6 14. Na4 Qe7 15. Bf3 Rc8 16. Qe2 O-O 17. Qe3 Nd7 18. g3 Rfd8 19. Rad1 e5 20. Rfe1 Bc2 21. Rc1 Bg6 22. Bg2 Qf8 23. Nc3 Nf6 24. h3 h6 25. Na4 Nd7 26. Bb2 Re8 27. Kh2 Qe7 28. Nc3 Nf6 29. Na4 Qf8 30. d3 Nd7 31. Rcd1 Nb6 32. Nc3 Red8 33. Ne4 Be7 34. Bxe5 f6 35. Bb2 Rd7 36. h4 Rcd8 37. Bh3 f5 38. Nc3 Bf6 39. Qe6+ Kh8 40. Qxc6 Rxd3 41. Rxd3 Rxd3 42. Bxf5 Bxc3 43. Bxd3 Qxf2+ 44. Kh3 Bf5+ 45. Bxf5 Qxf5+ 46. Kg2 Bxe1 47. Qe8+ Kh7 48. Qxe1 Qc2+ 49. Qf2 Qb1 50. Qd2 Qxa2 51. Qc3 Kg6 52. Qxg7+ Kf5 53. Qe5+ Kg6 54. g4 Qxb3 55. Qf5# 1-0


[Site "https://www.chess.com"]

[Event "Titled Tuesday Blitz July 05 Late 2022"]
[White "Makarian, Rudik"]
[Black "Kopczynski, Michal"]
[WhiteFideId "44105681"]
[BlackFideId "1124200"]
[WhiteElo "2403"]
[BlackElo "2235"]
[Result "1-0"]
[Round "02"]
[TimeControl "180+1"]
[Date "2022.07.06"]
[WhiteClock "0:00:14"]
[BlackClock "0:00:06"]

1. d3 g6 2. g3 Bg7 3. Bg2 d6 4. c4 e5 5. Nc3 Ne7 6. h4 h5 7. Nf3 Nbc6 8. Rb1 O-O 9. O-O Bg4 10. b4 Qd7 11. b5 Nd4 12. e3 Ne6 13. Qb3 Nc5 14. Qc2 Qf5 15. Ne1 Bh3 16. Ba3 Bxg2 17. Kxg2 Ne6 18. Nd5 Nxd5 19. cxd5 Nd8 20. Qxc7 e4 21. dxe4 Qxe4+ 22. Nf3 Qxd5 23. Qxd6 Qxa2 24. Qb4 Ne6 25. Bb2 Bxb2 26. Rxb2 Qd5 27. Rd2 Qf5 28. Rfd1 Rfd8 29. Qc4 Rdc8 30. Qd5 Rc5 31. Qxb7 Rac8 32. Rd5 Qc2 33. Rxc5 Qxc5 34. Rd7 Rc7 35. Qb8+ Kg7 36. Qe8 Rxd7 37. Qxd7 Nf8 38. Qb7 Ne6 39. Qd7 Nc7 40. Qd3 Nxb5 41. Ng5 Qc6+ 42. e4 Nd6 43. Qd4+ f6 44. Qxa7+ 1-0


[Site "https://www.chess.com"]

[Event "Titled Tuesday Blitz July 05 Late 2022"]
[White "Mikhalsky, Vladimir"]
[Black "Mikhailov, Viacheslav"]
[WhiteFideId "14144352"]
[BlackFideId "4187369"]
[WhiteElo "2301"]
[BlackElo "2381"]
[Result "0-1"]
[Round "02"]
[TimeControl "180+1"]
[Date "2022.07.06"]
[WhiteClock "0:00:42"]
[BlackClock "0:01:04"]

1. c4 Nf6 2. Nc3 g6 3. e4 Bg7 4. d4 O-O 5. f3 d6 6. Be3 e5 7. Nge2 exd4 8. Nxd4 Nc6 9. Qd2 Nxd4 10. Bxd4 Be6 11. b3 a6 12. Be2 c6 13. O-O b5 14. Rfd1 Qc7 15. Kh1 bxc4 16. Bxc4 Bxc4 17. bxc4 Rfd8 18. Na4 Rab8 19. Rab1 Rxb1 20. Rxb1 Rb8 21. Rxb8+ Qxb8 22. Qb2 Qxb2 23. Bxb2 Nd7 24. Bxg7 Kxg7 25. Kg1 f5 26. exf5 gxf5 27. Kf2 Ne5 28. Nb2 Kf6 29. f4 Ng4+ 30. Kg3 Ke6 31. h3 Ne3 32. Kf3 Nc2 33. g4 d5 34. cxd5+ cxd5 35. Ke2 Kd6 36. gxf5 Nd4+ 37. Kd3 Nxf5 38. Nd1 Kc5 39. a3 Ng3 40. Ne3 Nh5 41. f5 Nf4+ 42. Kd2 Nxh3 43. f6 Ng5 44. Nf5 Ne4+ 45. Ke3 Nxf6 46. Kd3 h5 47. Ke3 Kc4 48. Kf4 d4 49. Kg5 Ne4+ 50. Kxh5 d3 51. Kg4 d2 52. Kf4 Nc3 53. Ne3+ Kb3 54. Ke5 d1=Q 55. Nxd1 Nxd1 56. Kd4 a5 57. Kd3 a4 58. Kd2 Nb2 59. Kc1 Kxa3 60. Kb1 Kb3 61. Ka1 a3 62. Kb1 Nc4 63. Ka1 Ne3 64. Kb1 a2+ 65. Kc1 a1=Q+ 0-1


[Site "https://www.chess.com"]

[Event "Titled Tuesday Blitz July 05 Late 2022"]
[White "Mingarro Carceller, Sergi"]
[Black "Gomez Ledo, Roberto Carlos"]
[WhiteFideId "2246678"]
[BlackFideId "3507076"]
[WhiteElo "2252"]
[BlackElo "2379"]
[Result "0-1"]
[Round "02"]
[TimeControl "180+1"]
[Date "2022.07.06"]
[WhiteClock "0:00:12"]
[BlackClock "0:00:18"]

1. e4 e5 2. Nf3 Nc6 3. Bc4 Bc5 4. c3 Nf6 5. d4 exd4 6. e5 d5 7. Bb5 Ne4 8. cxd4 Bb6 9. Nc3 O-O 10. Be3 Bg4 11. h3 Bh5 12. Qc2 Ba5 13. O-O Bxc3 14. bxc3 f6 15. exf6 Qxf6 16. Bxc6 bxc6 17. Ne5 Rad8 18. Kh2 Rd6 19. f3 Ng5 20. f4 Ne4 21. g4 Be8 22. f5 h6 23. Rab1 c5 24. Rb7 a6 25. Bf4 Bb5 26. Re1 Qh4 27. Nf3 Qd8 28. dxc5 Nxc5 29. Nd4 Nxb7 30. Ne6 Qd7 31. Bxd6 Qxd6+ 32. Kg2 Re8 33. Qd2 Nc5 34. Nd4 Rxe1 35. Qxe1 Ne4 36. Qe3 c5 37. Nf3 Bc4 38. a3 a5 39. h4 Nf6 40. g5 hxg5 41. hxg5 Ne4 42. Qe1 Qf4 0-1


[Site "https://www.chess.com"]

[Event "Titled Tuesday Blitz July 05 Late 2022"]
[White "Nazaretyan, Tigran"]
[Black "Sjugirov, Sanan"]
[WhiteFideId "24162345"]
[BlackFideId "4189302"]
[WhiteElo "2179"]
[BlackElo "2609"]
[Result "0-1"]
[Round "02"]
[TimeControl "180+1"]
[Date "2022.07.05"]
[WhiteClock "0:00:58"]
[BlackClock "0:01:19"]

1. d4 Nf6 2. c4 e6 3. Nf3 b6 4. a3 Bb7 5. Nc3 Ne4 6. Nxe4 Bxe4 7. Nd2 Bb7 8. e4 g6 9. Bd3 Bg7 10. Nf3 d6 11. Bg5 Qd7 12. Qd2 h6 13. Be3 Nc6 14. d5 Ne7 15. O-O g5 16. Rac1 O-O 17. b4 Ng6 18. Bb1 Rad8 19. h4 g4 20. Nh2 h5 21. g3 c6 22. Bh6 Qe7 23. Bg5 Bf6 24. Bxf6 Qxf6 25. f3 gxf3 26. Rxf3 Qg7 27. Qg5 Ne5 28. Rf6 Qxg5 29. hxg5 cxd5 30. exd5 exd5 31. cxd5 Bxd5 32. Rd1 Be6 33. Nf3 Nxf3+ 34. Rxf3 Bg4 35. Rdf1 Bxf3 36. Rxf3 Rc8 37. Bf5 Rce8 38. Rd3 Re5 39. Rf3 Kg7 40. Kg2 d5 41. Kh3 d4 42. Kh4 Rd8 43. Bd3 Re3 44. Rxe3 dxe3 45. Be2 Rd2 46. Bxh5 e2 47. Bxe2 Rxe2 48. a4 Re4+ 49. g4 Rxb4 50. a5 bxa5 51. g6 fxg6 52. Kg5 Rb5+ 53. Kf4 a4 54. Ke4 a3 55. Kd4 a2 56. Kc4 Rb1 0-1


[Site "https://www.chess.com"]

[Event "Titled Tuesday Blitz July 05 Late 2022"]
[White "Nguyen, Quoc Hy"]
[Black "Andreikin, Dmitry"]
[WhiteFideId "12410853"]
[BlackFideId "4158814"]
[WhiteElo "1938"]
[BlackElo "2736"]
[Result "0-1"]
[Round "02"]
[TimeControl "180+1"]
[Date "2022.07.05"]
[WhiteClock "0:00:02"]
[BlackClock "0:01:14"]

1. d4 Nf6 2. Nf3 e6 3. Bg5 h6 4. Bxf6 Qxf6 5. e4 d6 6. Nbd2 Nd7 7. c3 g6 8. Bd3 h5 9. Qe2 e5 10. a4 Bh6 11. a5 O-O 12. O-O Re8 13. a6 b6 14. Bb5 Re7 15. Nc4 Nf8 16. Ne3 Be6 17. Bc6 Rd8 18. Rfd1 exd4 19. Nxd4 Bxe3 20. Qxe3 Bd7 21. Bxd7 Rexd7 22. Nc6 Ra8 23. Qd4 Kg7 24. f4 Ne6 25. Qxf6+ Kxf6 26. g3 Nd8 27. e5+ Ke6 28. Nd4+ Ke7 29. exd6+ Rxd6 30. Nb5 Rxd1+ 31. Rxd1 Ne6 32. Kf2 c6 33. Nd4 Nxd4 34. Rxd4 b5 35. Ke3 Rb8 36. Re4+ Kd6 37. f5 gxf5 38. Rh4 Rb6 39. Rxh5 Ke6 40. Kf4 Rxa6 41. Rh6+ f6 42. Rh8 Ra4+ 43. Kf3 Ra2 44. Re8+ Kf7 45. Rc8 Rxb2 46. Rxc6 Rxh2 47. Rc7+ Ke6 48. Rxa7 Rc2 49. Ra3 Kd5 50. Rb3 Kc4 51. Rb4+ Kc5 52. Rb3 Rc1 53. Kf4 Rf1+ 54. Ke3 Re1+ 55. Kf3 Re4 56. Rb1 Re5 57. Rb3 Kc4 58. Ra3 Rd5 59. Kf4 Rd3 60. Ra8 Kxc3 61. Rc8+ Kb3 62. Rc5 b4 63. Rxf5 Rd6 64. Rc5 Ka2 65. Ra5+ Kb2 66. Kf5 b3 67. g4 Kc2 68. Rc5+ Kb1 69. Rc8 b2 70. Rc7 Ra6 0-1


[Site "https://www.chess.com"]

[Event "Titled Tuesday Blitz July 05 Late 2022"]
[White "Onslow, Alfie"]
[Black "Kanakaris, Georgios"]
[WhiteFideId "436976"]
[BlackFideId "4209460"]
[WhiteElo "1885"]
[BlackElo "2134"]
[Result "1-0"]
[Round "02"]
[TimeControl "180+1"]
[Date "2022.07.06"]
[WhiteClock "0:00:13"]
[BlackClock "0:00:10"]

1. e4 e6 2. d3 d5 3. Nd2 Nf6 4. Ngf3 c5 5. g3 Nc6 6. Bg2 Be7 7. O-O Qc7 8. Qe2 b6 9. Re1 Ba6 10. e5 Nd7 11. h4 b5 12. c3 h6 13. Nf1 Nb6 14. a3 Qb7 15. b4 Na4 16. Bd2 Rc8 17. d4 cxd4 18. cxd4 Nb6 19. Ne3 Nc4 20. Rec1 Qb6 21. Bc3 Bb7 22. g4 a5 23. Qe1 axb4 24. axb4 Qd8 25. h5 Bg5 26. Nxg5 Qxg5 27. Qe2 Qf4 28. Nxc4 bxc4 29. Qe3 Qxg4 30. b5 Ne7 31. Ra7 Rc7 32. b6 Rd7 33. Kf1 O-O 34. Bf3 Qh3+ 35. Ke2 Qf5 36. Bb4 Rc8 37. Ra2 Nc6 38. Bc5 Qd3+ 39. Qxd3 cxd3+ 40. Kd2 f6 41. exf6 gxf6 42. Ra3 e5 43. Bg4 Rcd8 44. Bxd7 Rxd7 45. Rxd3 Ba6 46. Rg3+ Kf7 47. Rcg1 Ke6 48. Rg7 exd4 49. Rxd7 Kxd7 50. Rg7+ Ke6 51. b7 f5 52. Ba7 Bxb7 53. Rxb7 Kf6 54. Rb6 Kg5 55. Rxc6 Kxh5 56. Rd6 f4 57. Rxd5+ Kg4 58. Rxd4 h5 59. Bb8 Kf3 60. Rxf4+ Kg2 61. Rh4 Kxf2 62. Rxh5 Kf3 63. Re5 1-0


[Site "https://www.chess.com"]

[Event "Titled Tuesday Blitz July 05 Late 2022"]
[White "Pakleza, Zbigniew"]
[Black "Jeet, Jain"]
[WhiteFideId "1119290"]
[BlackFideId "5073022"]
[WhiteElo "2467"]
[BlackElo "2055"]
[Result "1-0"]
[Round "02"]
[TimeControl "180+1"]
[Date "2022.07.05"]
[WhiteClock "0:00:20"]
[BlackClock "0:00:43"]

1. d4 Nf6 2. Nf3 d5 3. Bf4 Bf5 4. c4 e6 5. Nc3 c6 6. Qb3 b6 7. e3 Bd6 8. Bg3 Bxg3 9. hxg3 h6 10. Rc1 O-O 11. Be2 Nbd7 12. O-O Ne4 13. cxd5 Nxc3 14. Rxc3 cxd5 15. Rfc1 Bg4 16. Qa3 Nf6 17. Rc7 a5 18. Qe7 Qxe7 19. Rxe7 Bxf3 20. gxf3 Rfc8 21. Rec7 Rxc7 22. Rxc7 Rb8 23. Bb5 Kf8 24. Kf1 Ne8 25. Bxe8 Kxe8 26. f4 b5 27. Ke2 g5 28. f5 exf5 29. Rc5 Ke7 30. Rxd5 Kf6 31. Rd6+ Kg7 32. Kd3 h5 33. Rc6 h4 34. gxh4 gxh4 35. Rc1 Kg6 36. d5 Kg5 37. Rg1+ Kh5 38. Kd4 f6 39. d6 h3 40. Kd5 Kh4 41. Ke6 h2 42. Rd1 Kh3 43. Kxf5 Rd8 44. d7 Rxd7 45. Rxd7 1-0


[Site "https://www.chess.com"]

[Event "Titled Tuesday Blitz July 05 Late 2022"]
[White "Palchuk, Andrii"]
[Black "Holt, Conrad"]
[WhiteFideId "14176688"]
[BlackFideId "2034387"]
[WhiteElo "2338"]
[BlackElo "2586"]
[Result "0-1"]
[Round "02"]
[TimeControl "180+1"]
[Date "2022.07.05"]
[WhiteClock "0:00:01"]
[BlackClock "0:00:18"]

1. d4 d5 2. c4 c6 3. Nf3 Nf6 4. Qb3 dxc4 5. Qxc4 Bf5 6. g3 Nbd7 7. Bg2 e6 8. O-O Bd6 9. Re1 O-O 10. Nc3 e5 11. e4 Be6 12. Qe2 Bg4 13. Be3 exd4 14. Bxd4 Be5 15. Rad1 Bxd4 16. Rxd4 Qb6 17. Qd2 Bxf3 18. Bxf3 Ne5 19. Be2 Rfe8 20. Kg2 c5 21. Rd6 Nc6 22. Rxf6 gxf6 23. Nd5 Qd8 24. Qh6 Re6 25. Nf4 Qf8 26. Qh4 Rd6 27. Bc4 Re8 28. Bd5 Qg7 29. Qh5 Re5 30. Qh3 f5 31. Rc1 Qg4 32. Qxg4+ fxg4 33. Rxc5 Kf8 34. Nd3 Rh5 35. b4 Rdh6 36. b5 Rxh2+ 37. Kf1 Nd8 38. Rc7 Rh1+ 39. Ke2 Ra1 40. Ne5 Rh5 41. Nxg4 Rb1 42. Rd7 Ne6 43. Nf6 Rhh1 44. Rxb7 Rb2+ 45. Ke3 Re1+ 46. Kd3 Nc5+ 47. Kc3 Nxb7 48. Kxb2 Nd6 49. f4 h6 50. a4 Re2+ 51. Kc3 Re3+ 52. Kb4 Rxg3 53. a5 Ke7 54. e5 Nc8 55. Bb7 Kd8 56. Ne4 Rg4 57. Kc5 Rxf4 58. Bd5 Rf5 59. b6 axb6+ 60. axb6 Nxb6 61. Nd6 Nd7+ 62. Kd4 Rf1 63. Nxf7+ Ke7 64. Nxh6 Rd1+ 65. Ke4 Nc5+ 66. Kf4 Rxd5 67. Nf5+ Kd7 68. Ne3 Rd4+ 69. Kf3 Ke6 70. Ng2 Kxe5 71. Ne3 Rd3 72. Ke2 Ke4 73. Nd1 Ra3 74. Kd2 Kd4 75. Kc2 Nd3 76. Kd2 Ra2+ 0-1


[Site "https://www.chess.com"]

[Event "Titled Tuesday Blitz July 05 Late 2022"]
[White "Paravyan, David"]
[Black "Iliaguev, Nisim"]
[WhiteFideId "4194985"]
[BlackFideId "2817276"]
[WhiteElo "2569"]
[BlackElo "2107"]
[Result "1/2-1/2"]
[Round "02"]
[TimeControl "180+1"]
[Date "2022.07.05"]
[WhiteClock "0:00:05"]
[BlackClock "0:00:19"]

1. e4 c6 2. d4 d5 3. e5 Bf5 4. h4 h5 5. Bd3 Bxd3 6. Qxd3 e6 7. Bg5 Ne7 8. Ne2 Qb6 9. Nd2 Nd7 10. O-O Nf5 11. c3 Be7 12. Nf3 O-O-O 13. Bxe7 Nxe7 14. Ng5 Rdf8 15. Ng3 Kb8 16. b4 Qb5 17. Qc2 Qc4 18. a4 Ng6 19. Nxf7 Rxf7 20. Qxg6 Re7 21. Rac1 Nf8 22. Qg5 Re8 23. Rfe1 g6 24. Re3 Rg8 25. Rf3 Nh7 26. Qh6 Re7 27. Re1 Qa2 28. a5 Qc2 29. Re2 Qb1+ 30. Kh2 g5 31. Nxh5 Rg6 32. Re1 Rxh6 33. Rxb1 Rxh5 34. b5 cxb5 35. Rxb5 Rxh4+ 36. Kg3 Re4 37. Rb1 a6 38. Rh1 g4 39. Rf4 Rxf4 40. Kxf4 Rg7 41. Rh5 Kc7 42. Rh6 Re7 43. Kxg4 Kc6 44. f4 Kb5 45. f5 exf5+ 46. Kxf5 Nf8 47. Rd6 Rf7+ 48. Kg5 Kxa5 49. e6 Rc7 50. Kf6 Nxe6 51. Kxe6 Kb5 52. Rxd5+ Kc4 53. Rc5+ Rxc5 54. dxc5 a5 55. g4 a4 56. g5 a3 57. g6 a2 58. g7 a1=Q 59. g8=Q Qe1+ 60. Kd6+ Kxc3 61. Qd5 Qg3+ 62. Kd7 Qg7+ 63. Kc8 Kb4 64. Kb8 Kb5 65. c6+ Kb6 66. Qb3+ Kxc6 67. Qc4+ Kd6 68. Qb4+ Ke6 69. Qb6+ Kf7 70. Qxb7+ Kg6 71. Qxg7+ Kxg7 1/2-1/2


[Site "https://www.chess.com"]

[Event "Titled Tuesday Blitz July 05 Late 2022"]
[White "Ponkratov, Pavel"]
[Black "Peralta, Eduardo"]
[WhiteFideId "4157800"]
[BlackFideId "3700062"]
[WhiteElo "2502"]
[BlackElo "2125"]
[Result "1-0"]
[Round "02"]
[TimeControl "180+1"]
[Date "2022.07.05"]
[WhiteClock "0:01:31"]
[BlackClock "0:00:05"]

1. c4 c5 2. e3 Nf6 3. d4 cxd4 4. exd4 g6 5. Nc3 Bg7 6. Nf3 O-O 7. d5 d6 8. Bd3 Bg4 9. h3 Bxf3 10. Qxf3 Nbd7 11. Be2 Ne5 12. Qf4 Rc8 13. Bd2 a6 14. O-O Nh5 15. Qh4 Bf6 16. Qe4 Bg7 17. Rac1 Qc7 18. b3 Nf6 19. Qh4 Qd8 20. Rfe1 e6 21. dxe6 fxe6 22. Rcd1 d5 23. Bf4 Nfd7 24. Qxd8 Rfxd8 25. Bg5 Nf6 26. Bf1 Nf7 27. Bh4 d4 28. Ne4 g5 29. Nxg5 Nxg5 30. Bxg5 Kf7 31. Bf4 Rc5 32. Bd3 b5 33. b4 Rxc4 34. Bxc4 bxc4 35. Be5 d3 36. a4 Bf8 37. b5 axb5 38. axb5 Bb4 39. Rf1 c3 40. b6 c2 41. b7 d2 42. b8=Q Rxb8 43. Bxb8 Ne4 44. Bf4 Kf6 45. Rb1 cxb1=Q 46. Rxb1 Bc3 47. Kf1 Kf5 48. Be3 Ke5 49. Ke2 Kd5 50. f3 Nd6 51. Kd3 Ba5 52. Bxd2 Bd8 53. Rb8 Bf6 54. Rf8 Be7 55. Rh8 Bf6 56. Rxh7 Ba1 57. g4 Ne8 58. h4 e5 59. Rd7+ Ke6 60. Ra7 Nf6 61. Rxa1 1-0


[Site "https://www.chess.com"]

[Event "Titled Tuesday Blitz July 05 Late 2022"]
[White "Premnath, R."]
[Black "Kamsky, Gata"]
[WhiteFideId "5021928"]
[BlackFideId "2000024"]
[WhiteElo "2616"]
[BlackElo "2645"]
[Result "0-1"]
[Round "02"]
[TimeControl "180+1"]
[Date "2022.07.05"]
[WhiteClock "0:00:02"]
[BlackClock "0:00:35"]

1. d4 d5 2. c4 c6 3. Nc3 Nf6 4. Nf3 a6 5. e3 Bf5 6. Bd3 Bg6 7. O-O e6 8. b3 Nbd7 9. Bb2 Bd6 10. Qc2 O-O 11. e4 dxe4 12. Nxe4 Nxe4 13. Bxe4 Nf6 14. Bxg6 hxg6 15. Rfe1 Qa5 16. h3 Rfd8 17. Bc3 Qf5 18. Qxf5 gxf5 19. Rad1 Ne4 20. Bb2 b5 21. Rc1 a5 22. Red1 a4 23. d5 exd5 24. cxd5 c5 25. Be5 b4 26. Bxd6 Rxd6 27. Ne5 Nc3 28. Rd2 a3 29. Nc4 Rxd5 30. Rxd5 Nxd5 31. Nd6 Nc3 32. Rc2 g6 33. f3 Rd8 34. Nc4 Rd3 35. Kf2 f4 36. g3 fxg3+ 37. Kxg3 Kg7 38. Kg4 Kf6 39. h4 Rd4+ 40. Kg3 Rd3 41. Kg4 Nd5 42. Kg3 Rd1 43. Na5 Nc3 44. Nc4 Ra1 45. Nxa3 Rxa2 46. Rxa2 Nxa2 47. Nc4 Nc1 48. Na5 Ke5 49. Kg4 f6 50. f4+ Ke6 51. f5+ gxf5+ 52. Kf3 Nd3 53. Nb7 c4 54. Na5 c3 55. Ke3 c2 56. Kxd3 c1=Q 57. h5 Qc3+ 58. Ke2 Kf7 59. h6 Kg6 60. Nc4 Qxb3 61. Ne3 f4 0-1


[Site "https://www.chess.com"]

[Event "Titled Tuesday Blitz July 05 Late 2022"]
[White "Preotu, Razvan"]
[Black "Al-Tarboush, Ward"]
[WhiteFideId "2613280"]
[BlackFideId "7601450"]
[WhiteElo "2407"]
[BlackElo "2231"]
[Result "1-0"]
[Round "02"]
[TimeControl "180+1"]
[Date "2022.07.05"]
[WhiteClock "0:00:30"]
[BlackClock "0:00:01"]

1. e4 e6 2. d4 d5 3. Nc3 Nf6 4. e5 Nfd7 5. f4 c5 6. Nf3 Nc6 7. Be3 a6 8. Qd2 b5 9. Be2 Bb7 10. Nd1 cxd4 11. Nxd4 Nxd4 12. Bxd4 Bc5 13. c3 f6 14. exf6 Bxd4 15. f7+ Kxf7 16. cxd4 Rf8 17. O-O Kg8 18. Nf2 Nf6 19. Qe3 Qb6 20. Bf3 Rac8 21. Nd3 Rc2 22. Rf2 Rxf2 23. Qxf2 Nd7 24. Qe3 b4 25. Bg4 Rf6 26. Re1 Nf8 27. Nc5 Bc8 28. g3 a5 29. Rc1 Ba6 30. b3 Bb5 31. h4 h6 32. h5 Qd6 33. Kg2 Bc6 34. Nd3 Bb5 35. Ne5 Qb6 36. Rc8 Ba6 37. Nd7 Qd6 38. Nxf6+ gxf6 39. Qxe6+ Qxe6 40. Bxe6+ Kg7 41. Rc7+ Kh8 42. Bxd5 Bd3 43. Rf7 Nh7 44. Be6 Be4+ 45. Kf2 Bf5 46. Bxf5 1-0


[Site "https://www.chess.com"]

[Event "Titled Tuesday Blitz July 05 Late 2022"]
[White "Roman, Rodrigo"]
[Black "Diaz Rosas, Julio Cesar"]
[WhiteFideId "3701220"]
[BlackFideId "5105099"]
[WhiteElo "2001"]
[BlackElo "2278"]
[Result "1-0"]
[Round "02"]
[TimeControl "180+1"]
[Date "2022.07.06"]
[WhiteClock "0:00:11"]
[BlackClock "0:00:03"]

1. e4 c5 2. Nf3 d6 3. Nc3 Nf6 4. Bb5+ Bd7 5. Bxd7+ Nfxd7 6. O-O Nc6 7. d4 cxd4 8. Nxd4 Nxd4 9. Qxd4 Qb6 10. Qa4 Qc6 11. Qd4 Qc5 12. Qa4 a6 13. Be3 Qc6 14. Qd4 Rc8 15. Nd5 e6 16. Nc3 Qc4 17. Qa7 Qc6 18. Rfd1 Be7 19. Qd4 O-O 20. f4 Rfd8 21. Rd2 Nf6 22. Rad1 Ng4 23. h3 Bf6 24. Qd3 Nxe3 25. Qxe3 Bxc3 26. bxc3 Qxc3 27. Qxc3 Rxc3 28. Rxd6 Rxd6 29. Rxd6 g6 30. Rd2 Rc4 31. Re2 h5 32. Kf2 h4 33. Ke3 Kf8 34. Kd3 Ra4 35. c4 b5 36. cxb5 axb5 37. Rb2 Ke7 38. Ke3 Kd6 39. Kf3 Kc6 40. Re2 Ra3+ 41. Kg4 Kc5 42. Kxh4 Kd4 43. Kg5 Ra7 44. e5 Rb7 45. Rb2 Kc3 46. Rb3+ Kc4 47. Kf6 b4 48. g4 Ra7 49. Rb2 Kc3 50. Rf2 Kd3 51. Kg5 Ke3 52. Rb2 Rb7 53. h4 Kf3 54. Rb3+ Ke4 55. a3 Ra7 56. Rxb4+ Kd5 57. a4 Kc5 58. Rb5+ Kc6 59. Rb4 Kc5 60. Rb1 Rxa4 61. Rf1 Ra7 62. h5 gxh5 63. gxh5 Ra8 64. Kf6 Rh8 65. Kxf7 Rxh5 66. Kxe6 Rh6+ 67. Kf5 Kd5 68. Rd1+ Kc5 69. e6 Rh2 70. Kf6 Re2 71. f5 Kc6 72. Kf7 Kc7 1-0


[Site "https://www.chess.com"]

[Event "Titled Tuesday Blitz July 05 Late 2022"]
[White "Romanchuk, Viktor"]
[Black "Sankalp Gupta"]
[WhiteFideId "14109271"]
[BlackFideId "5097010"]
[WhiteElo "2242"]
[BlackElo "2399"]
[Result "0-1"]
[Round "02"]
[TimeControl "180+1"]
[Date "2022.07.05"]
[WhiteClock "0:00:24"]
[BlackClock "0:00:09"]

1. d4 Nf6 2. c4 e6 3. Nc3 Bb4 4. e3 O-O 5. Ne2 Re8 6. a3 Bf8 7. Ng3 d5 8. Be2 b6 9. cxd5 exd5 10. O-O Bb7 11. b4 Nbd7 12. Bd2 g6 13. Qb3 h5 14. Rfc1 a6 15. a4 Bd6 16. b5 a5 17. Bf3 Nf8 18. Nxd5 Bxd5 19. Bxd5 Nxd5 20. Qxd5 h4 21. Qf3 hxg3 22. hxg3 Nh7 23. Rc6 Ng5 24. Qg4 Ne4 25. Be1 Nf6 26. Qf3 Qe7 27. Rac1 Rad8 28. R1c2 Qe6 29. R6c4 Ne4 30. g4 Ng5 31. Qe2 Qd5 32. f3 Ne6 33. Bf2 Qg5 34. Qe1 Qh6 35. Re2 Qh2+ 36. Kf1 Rd7 37. Bg1 Qh1 38. Qf2 Rde7 39. f4 Nxf4 0-1


[Site "https://www.chess.com"]

[Event "Titled Tuesday Blitz July 05 Late 2022"]
[White "Samsonkin, Artiom"]
[Black "Ferreira, Vitor Hugo Vieira"]
[WhiteFideId "13503111"]
[BlackFideId "2119765"]
[WhiteElo "2513"]
[BlackElo "2168"]
[Result "1-0"]
[Round "02"]
[TimeControl "180+1"]
[Date "2022.07.06"]
[WhiteClock "0:00:14"]
[BlackClock "0:00:11"]

1. d4 d5 2. Nf3 Nf6 3. Bf4 c5 4. e3 Nc6 5. c3 Qb6 6. Qc2 Bf5 7. dxc5 Bxc2 8. cxb6 axb6 9. Na3 e5 10. Nxc2 exf4 11. exf4 Bd6 12. g3 O-O 13. Bd3 Rfe8+ 14. Kf1 Ne4 15. Kg2 Bc5 16. Rhf1 h6 17. a3 Rad8 18. Rad1 Bf8 19. Nfd4 Nc5 20. Bb5 Rc8 21. Nb4 Red8 22. Bxc6 bxc6 23. Ndxc6 Rd6 24. Na7 Rcd8 25. Nb5 R6d7 26. Nc6 Rc8 27. Ne5 Rdd8 28. Na7 Rc7 29. Nac6 Rd6 30. Nb4 f6 31. Ng6 Rcd7 32. Rfe1 Kf7 33. f5 Na4 34. Rd2 d4 35. cxd4 Rxd4 36. Rxd4 Rxd4 37. Rc1 Bxb4 38. Rc7+ Ke8 39. axb4 Rxb4 40. Re7+ Kd8 41. Rxg7 Rxb2 42. Rf7 Nc3 43. Kf3 Nd1 44. Rxf6 Rxf2+ 45. Ke4 Kc7 46. Rf7+ Kb8 47. f6 Rxh2 48. Nf4 Nc3+ 49. Ke5 Ne2 50. Re7 Nxf4 51. gxf4 Re2+ 52. Kf5 Rc2 53. f7 Rc8 54. Re8 Kc7 55. Rxc8+ Kxc8 56. f8=Q+ Kc7 57. Qxh6 b5 58. Qe6 b4 59. Qb3 Kc6 60. Qxb4 Kd5 61. Qe4+ Kd6 62. Kg6 Kd7 63. f5 1-0


[Site "https://www.chess.com"]

[Event "Titled Tuesday Blitz July 05 Late 2022"]
[White "Sargsyan, Anna M."]
[Black "Vasquez Schroeder, Rodrigo"]
[WhiteFideId "13308130"]
[BlackFideId "3400042"]
[WhiteElo "2271"]
[BlackElo "2567"]
[Result "0-1"]
[Round "02"]
[TimeControl "180+1"]
[Date "2022.07.05"]
[WhiteClock "0:02:25"]
[BlackClock "0:01:52"]

1. d4 Nf6 2. c4 g6 3. g3 c5 4. Nf3 Bg7 5. Bg2 O-O 6. O-O d6 7. Nc3 Nc6 8. dxc5 dxc5 9. Be3 Qa5 10. Nd2 Rd8 11. Qc1 Nd4 12. Nb3 Qb6 13. Na4 Nxe2+ 14. Kh1 Nxc1 15. Nxb6 axb6 16. Rfxc1 Ng4 17. Rc2 Bf5 18. Re2 Bd3 19. Rd2 Nxe3 20. fxe3 Bxc4 21. Bxb7 Rxd2 22. Nxd2 Rxa2 0-1


[Site "https://www.chess.com"]